 Dungeon Crawl Stone Soup version 0.16.1-5-gaa23807 (webtiles) character file.

149 Nefaurd the Sneak (level 5, -8/45 HPs)
             Began as a Ghoul Assassin on Mar 28, 2015.
             Killed by divine providence
             ... invoked by an orc priest
              (15 damage)
             ... on level 5 of the Dungeon.
             The game lasted 00:18:12 (3198 turns).

Nefaurd the Sneak (Ghoul Assassin)                  Turns: 3198, Time: 00:18:13

Health: -8/45      AC:  7    Str: 15    XL:     5   Next: 31%
Magic:  4/4        EV: 13    Int:  6    God:
Gold:   155        SH:  0    Dex: 11    Spells: 0 memorised, 4 levels left

rFire  . . .     SeeInvis .     a - +2 dagger
rCold  + . .     Clarity  .     c - +0 robe
rNeg   + + +     SustAb   .     (no shield)
rPois  ∞         Gourm    .     (no helmet)
rElec  .         Spirit   .     d - +0 cloak
rCorr  .         Warding  .     (no gloves)
rMut   .         Stasis   .     (no boots)
MR     .....                    (no amulet)
Stlth  +++.......               v - +4 ring of protection
                                t - +1 ring of evasion

@: rotting, not resistant to hostile enchantments, fairly stealthy
A: rotting body, claws 1, carnivore 3, cold resistance 1, negative energy
resistance 3, poison resistance, slow healing 1, torment resistance, unbreathing
a: no special abilities


You were on level 5 of the Dungeon.
You were not hungry.

You visited 1 branch of the dungeon, and saw 5 of its levels.

You collected 155 gold pieces.

Inventory:

Hand weapons
 a - a +2 dagger (weapon)
 b - a +0 blowgun
 o - a +2 dagger of distortion
Missiles
 e - 42 poisoned needles
 f - 2 curare-tipped needles
Armour
 c - a +0 robe (worn)
 d - a +0 cloak (worn)
 h - a +0 leather armour
Jewellery
 t - a +1 ring of evasion (left claw)
 v - a +4 ring of protection (right claw)
Magical devices
 u - a wand of draining (7)
Scrolls
 i - 3 scrolls of enchant weapon {unknown}
 j - 3 scrolls of remove curse {unknown}
 k - 4 scrolls of recharging {unknown}
 m - 3 scrolls of identify {unknown}
 p - a scroll of enchant armour {unknown}
 r - a scroll of teleportation {unknown}
 x - a scroll of random uselessness {unknown}
 y - a scroll of fear {unknown}
Potions
 g - a potion of agility {unknown}
 q - 2 potions of curing {unknown}
 s - a potion of poison {unknown}
 w - 2 potions of magic {unknown}
 z - a potion of mutation {unknown}
Comestibles
 l - 3 meat rations
 n - a slice of pizza
 A - a beef jerky


   Skills:
 + Level 3.0 Fighting
 + Level 2.2 Short Blades
 - Level 1.7 Throwing
 - Level 2.0 Armour
 + Level 1.9 Dodging
 * Level 5.5 Stealth


You had 4 spell levels left.
You didn't know any spells.

Dungeon Overview and Level Annotations

Branches:
Dungeon (5/15)
 Temple: D:4-7

Altars:
Gozag

Shops:
D:4 ::(!

Annotations:
D:4 Edmund


Innate Abilities, Weirdness & Mutations

Your body is rotting away.
You thrive on raw meat.
You have sharp fingernails.
You are carnivorous and can eat meat at any time.
Your flesh is cold resistant.
You are immune to negative energy.
Your system is resistant to poisons.
You heal slowly when monsters are visible.
You are immune to unholy pain and torment.
You can survive without breathing.


Message History

The puff of frost hits you!
The orc priest shouts!
The orc priest mumbles some strange prayers to Beogh against you.
Something smites you!
* * * LOW HITPOINT WARNING * * *
The giant mite completely misses you.
The orc priest becomes somewhat translucent.
The orc misses you. The orc completely misses you.
The orc wizard casts a spell.
The orc wizard seems to speed up.
The orc wizard's eyes start to glow.
The orc priest becomes somewhat translucent.
The orc priest looks braver.
The orc wizard casts a spell at you. The magic dart hits you!
* * * LOW HITPOINT WARNING * * *
The orc priest invokes the aid of Beogh against you.
Something smites you!
You die...

. #. #. ##.. #..
####..# #..##########
#.....#
#.......o...####......
#....@os..oo.o........
#...##########.........
#. ###.o.......
#...........
#.####...... ## #####..
###


You could see an orc priest, an orc wizard, a giant mite and 3 orcs.

Vanquished Creatures
  An orc priest (D:3)
  3 gnolls (D:3)
  An adder (D:2)
  A giant mite (D:1)
  2 worms
  2 giant geckos (D:1)
  An ooze (D:1)
  5 orcs (D:3)
  2 ball pythons
  10 goblins
  3 hobgoblins
  9 bats
  4 giant cockroaches
  A giant gecko skeleton (D:4)
  3 giant newts
  6 kobolds
  5 rats
59 creatures vanquished.

Notes
Turn   | Place    | Note
--------------------------------------------------------------
     0 | D:1      | Nefaurd, the Ghoul Assassin, began the quest for the Orb.
     0 | D:1      | Reached XP level 1. HP: 17/17 MP: 1/1
   223 | D:1      | Reached XP level 2. HP: 18/24 MP: 2/2
   226 | D:1      | Reached skill level 1 in Dodging
   386 | D:1      | Reached skill level 5 in Stealth
   651 | D:1      | Reached XP level 3. HP: 29/29 MP: 3/3
   859 | D:2      | Found an opulent altar of Gozag.
  1093 | D:2      | Reached skill level 1 in Armour
  1522 | D:2      | Reached XP level 4. HP: 30/37 MP: 3/3
  2069 | D:3      | Reached XP level 5. HP: 12/41 MP: 4/4
  2613 | D:4      | Noticed a phantom
  2625 | D:4      | Found Muacalis' Book Shoppe.
  2641 | D:4      | Found Immir's Book Boutique.
  2870 | D:4      | Found Cara's Distillery.
  2870 | D:4      | Found Grepp's Weapon Shop.
  3110 | D:4      | Noticed Edmund
  3171 | D:5      | Entered Level 5 of the Dungeon
  3198 | D:5      | Killed from afar by an orc priest

Action                   |  1- 3 |  4- 6 || total
-------------------------+-------+-------++-------
Melee: Dagger            |   128 |   176 ||   304
 Fire: Blowgun           |    11 |     8 ||    19
Evoke: Wand              |       |     1 ||     1
 Stab: Sleeping          |     2 |     1 ||     3
  Eat: Chunk             |    12 |    18 ||    30
       Meat ration       |       |     1 ||     1
       Beef jerky        |       |     1 ||     1
